 Dungeon Crawl Stone Soup version 0.30-a0-341-g682706514a (webtiles) character file.

Game seed: 14557607554831982826

114 bande the Trooper (level 4, -2/29 HPs)
             Began as a Gargoyle Fighter on Nov 4, 2022.
             Slain by Sigmund
             ... wielding a +3 scythe of holy wrath
              (7 damage)
             ... on level 2 of the Dungeon.
             The game lasted 00:02:03 (1480 turns).

bande the Trooper (Gargoyle Fighter)                Turns: 1480, Time: 00:02:04

Health: -2/29      AC: 15    Str: 20    XL:     4   Next: 97%
Magic:  4/4        EV:  5    Int:  8    God:
Gold:   84         SH:  0    Dex: 11    Spells: 3/3 levels left

rFire   . . .      SeeInvis .    a - +0 war axe
rCold   . . .      Faith    .    c - +0 buckler
rNeg    + . .      Spirit   .    b - +0 plate armour
rPois   ∞          Reflect  .    (no helmet)
rElec   +          Harm     .    (no cloak)
rCorr   .          Rampage  .    (no gloves)
Will    .....                    (no boots)
Stlth   ..........               (no amulet)
HPRegen 0.24/turn                (no ring)
MPRegen 0.09/turn                (no ring)

@: confused
A: sickness immunity, AC +3, negative energy resistance 1, electricity
resistance, torment resistance 1, petrification resistance
a: no special abilities


You were on level 2 of the Dungeon.
You visited 1 branch of the dungeon, and saw 2 of its levels.

You collected 84 gold pieces.

Inventory:

Hand Weapons
 a - a +0 war axe (weapon)
Armour
 b - a +0 plate armour (worn)
 c - a +0 buckler (worn)
Scrolls
 g - a scroll of immolation {unknown}
 h - 2 scrolls of butterflies {unknown}
 i - a scroll of identify {unknown}
Potions
 e - 4 potions of curing
 f - a potion of ambrosia {unknown}


   Skills:
 + Level 4.0 Fighting
 + Level 3.2 Axes
 + Level 3.9 Armour
 + Level 3.9 Shields


You had 3 spell levels left.
You didn't know any spells.
Your spell library contained the following spells:

 Spells                   Type           Power      Damage    Failure   Level
 Inner Flame              Hex/Fire       0%         N/A       100%        3
 Cause Fear               Hex            0%         N/A       100%        4
 Discord                  Hex            0%         N/A       100%        8


Dungeon Overview and Level Annotations

Branches:
Dungeon (2/15)

Altars:

Annotations:
D:2 Sigmund


Innate Abilities, Weirdness & Mutations

You are immune to sickness and miasma.
Your stone body is resilient. (AC +3)
You are immune to poison.
You resist negative energy. (rN+)
You are resistant to electric shocks. (rElec)
You are resistant to unholy torment.
You are immune to petrification.


Message History

You are too injured to fight recklessly!
You are too injured to fight recklessly!
You are too injured to fight recklessly!
You are too injured to fight recklessly!
You are too injured to fight recklessly!
You are too injured to fight recklessly!
You closely miss Sigmund.
Sigmund is moderately wounded.
You hit Sigmund but do no damage.
Sigmund is moderately wounded.
Sigmund completely misses you.
You hit Sigmund.
Sigmund is heavily wounded.
Sigmund hits you but does no damage.
You slash Sigmund!
Sigmund is severely wounded.
Sigmund hits you with a +3 scythe of holy wrath.
You hit Sigmund.
Sigmund is severely wounded.
Sigmund hits you but does no damage.
You closely miss Sigmund.
Sigmund is severely wounded.
Sigmund points at you and mumbles some strange words.
The magic dart hits you.
Sigmund screams, "Die, monster!"
Sigmund mumbles some strange words.
Sigmund flickers and vanishes!
Deactivating autopickup; reactivate with Ctrl-A.
You closely miss something.
You hear some strange, mumbled words.
You are confused.
You bump into the tree.
You hear some strange, mumbled words.
A puff of flame appears from out of thin air!
The puff of flame hits you but does no damage.
You bump into the rock wall.
Something hits you!
* * * LOW HITPOINT WARNING * * *
You bump into the rock wall.
You miss something. Something hits you!
You die...

##.........................
###.#.#################.##
#.#...###############.##
#.###.#..............)..
#####...................#..#
#......†.##.###########.##..
#........##.......# #.##..
#.....#########...# #.##..
#####....#♣@♣♣#...#####.##..
#.####{♣..#.#.......##.. #.#
#♣♣..'.#.......###. #.#
♣.♣###.......+... #.# ♣.♣♣
#.......#### #.# ##
#######..... #.# #.#### #.#
#.# #.# #.#


There were no monsters in sight!

Vanquished Creatures
  Terence (D:2)
  4 adders (D:2)
  A dart slug (D:2)
  6 ball pythons
  4 bats
  3 endoplasms
  2 giant cockroaches (D:2)
  3 goblins
  2 hobgoblins
  7 jackals (D:1)
  6 kobolds
  3 frilled lizards
  5 rats
47 creatures vanquished.

Notes
Turn   | Place    | Note
-------+----------+-------------------------------------------
     0 | D:1      | bande the Gargoyle Fighter began the quest for the Orb.
     0 | D:1      | Reached XP level 1. HP: 14/14 MP: 1/1
   221 | D:1      | Reached XP level 2. HP: 17/19 MP: 2/2
   466 | D:1      | Reached XP level 3. HP: 24/24 MP: 3/3
   785 | D:2      | Noticed Terence
   795 | D:2      | Killed Terence
   796 | D:2      | Reached XP level 4. HP: 21/29 MP: 0/4
  1239 | D:2      | Reached skill level 4 in Fighting
  1466 | D:2      | Noticed Sigmund
  1480 | D:2      | Slain by Sigmund

Illustrated notes

Levels and vault maps discovered:
D:1:      dpeg_arrival_erosion, layout_rooms, serial_corexii_hall,
          chequers_hall_statues_corner_a, chequers_hall_statues_corner_a
D:2:      minmay_angry_zag, layout_basic, minmay_misc_feat_pillars,
          chequers_arboretum, minmay_misc_feat_x, uniq_terence, uniq_sigmund

Skill      XL: |  1  2  3  4 |
---------------+-------------+-----
Axes           | 2 3 |  3.2
Fighting       | 4 |  4.0
Armour         | |  3.9
Shields        | |  3.9

Action                   |  1- 3 |  4- 6 || total
-------------------------+-------+-------++-------
Melee: War axe           |    79 |    86 ||   165
  Use: Potion            |     2 |       ||     2
Armor: Scale mail        |    33 |       ||    33
       Plate armour      |       |    39 ||    39
       Chain mail        |       |    14 ||    14
Dodge: Dodged            |    41 |    29 ||    70
Block: Buckler           |    21 |    20 ||    41

Table legend: (Time is in decaauts)
 A = Elapsed time spent in this place.
 B = Non-inter-level travel time spent in this place.
 C = Inter-level travel time spent in this place.
 D = Time resting spent in this place.
 E = Time spent auto-exploring this place.
 F = Levels seen in this place.
 G = Mean time per level.
                   A        B        C        D        E       F      G
               +--------+--------+--------+--------+--------+-----+--------+
         Total |   1547 |   1513 |     34 |    203 |    926 |   2 |  773.5 |
       Dungeon |   1547 |   1513 |     34 |    203 |    926 |   2 |  773.5 |
               +--------+--------+--------+--------+--------+-----+--------+

Top non-repeatable levels by time:
     D:2: 776 daAuts
     D:1: 771 daAuts
